 Dungeon Crawl Stone Soup version 0.27.1-1-g398f81649c (webtiles) character file.

Game seed: 9002011664782109159

41 bnorton916 the Conjurer (level 3, -1/19 HPs)
             Began as a Deep Elf Conjurer on Sept 11, 2021.
             Slain by Robin (6 damage)
             ... on level 2 of the Dungeon.
             The game lasted 00:01:50 (1242 turns).

bnorton916 the Conjurer (Deep Elf Conjurer)         Turns: 1242, Time: 00:01:51

Health: -1/19      AC:  3    Str:  4    XL:     3   Next: 32%
Magic:  10/10      EV: 12    Int: 23    God:
Gold:   55         SH:  0    Dex: 13    Spells: 7/10 levels left

rFire    . . .     SeeInvis .   f - +0 whip (venom)
rCold    . . .     Faith    .   (no shield)
rNeg     . . .     Spirit   .   a - +0 robe
rPois    .         Reflect  .   (no helmet)
rElec    .         Harm     .   (no cloak)
rCorr    .         Rampage  .   e - +0 pair of gloves
Will     .....                  (no boots)
Stlth    ++........             (no amulet)
HPRegen  0.06/turn              (no ring)
MPRegen  0.12/turn              (no ring)

@: no status effects
A: no striking features
a: no special abilities


You were on level 2 of the Dungeon.
You visited 1 branch of the dungeon, and saw 2 of its levels.

You collected 55 gold pieces.

Inventory:

Hand Weapons
 f - a +0 whip of venom (weapon)
Missiles
 d - 3 javelins
Armour
 a - a +0 robe (worn)
 e - a +0 pair of gloves (worn)
Magical Staves
 g - a staff of poison
Scrolls
 c - a scroll of amnesia {unknown}
Potions
 b - a potion of degeneration {unknown}
 h - a potion of curing {unknown}


   Skills:
 - Level 2.4 Dodging
 - Level 2.4 Stealth
 + Level 4.2 Spellcasting
 + Level 5.1 Conjurations


You had 7 spell levels left.
You knew the following spells:

 Your Spells              Type           Power      Damage    Failure   Level
a - Magic Dart            Conj           100%       1d8       1%          1
b - Searing Ray           Conj           56%        3d5       1%          2

Your spell library contained the following spells:

 Spells                   Type           Power      Damage    Failure   Level
 Beastly Appendage        Tmut           8%         N/A       11%         1
 Dazzling Flash           Conj/Hex       32%        N/A       11%         3
 Wereblood                Tmut           4%         N/A       16%         2
 Spider Form              Tmut/Pois      2%         N/A       30%         3
 Fulminant Prism          Conj/Hex       8%         3d7       34%         4
 Iskenderun's Mystic Bla  Conj/Tloc      16%        2d5       34%         4


Dungeon Overview and Level Annotations

Branches:
Dungeon (2/15)

Altars:

Annotations:
D:2 Robin


Message History

The goblin shoots a stone.
The stone misses you.
There is an escape hatch in the ceiling here.
You hit the goblin but do no damage.
The goblin is poisoned.
The goblin unwields a +0 hunting sling.
The goblin wields a +0 club.
The goblin hits you with a +0 club.
You hit the goblin.
The goblin looks as sick as possible!
The goblin is heavily wounded.
You kill the goblin!
There is an escape hatch in the ceiling here.
Memorise Searing Ray, consuming 2 spell levels and leaving 7?
You start memorising the spell.
You continue memorising. x2
You finish memorising.
Spell assigned to 'b'.
You start resting.
A goblin is nearby!
A goblin is nearby!
A goblin is nearby!
You hit the goblin.
The goblin is poisoned.
The goblin is moderately wounded.
You kill the goblin!
You closely miss the goblin. The goblin barely misses you.
You hit the goblin.
You kill the goblin!
You barely miss the goblin. The goblin misses you.
You hit the goblin.
The goblin is moderately wounded.
The goblin hits you with a +0 dagger.
You barely miss the goblin.
The goblin is moderately wounded.
The goblin hits you with a +0 dagger.
You hit the goblin.
The goblin is almost dead.
The goblin hits you with a +0 dagger. x2
You closely miss the goblin.
The goblin is almost dead.
The goblin hits you with a +0 dagger.
* * * LOW HITPOINT WARNING * * *
You hit the goblin.
You kill the goblin!
Robin hits you from afar with a +4 trident of venom.
You die...

♣(♣♣ ♣.♣♣ ..♣ ♣♣.♣♣
♣♣♣ ♣♣.♣ ♣..♣♣
♣♣..♣♣♣ ♣♣...♣ ♣♣♣.♣
#.##################
#.#@..............<#
#g))###.....#..###..
###.#...#...#....#.#
#..........####.#.#
#..#.####.......#.#
#..#.....#.######.#
#.†#####.#.# #.#
#........#.# #..
##...>.....# ###


You could see Robin.

Vanquished Creatures
  2 dart slugs (D:2)
  2 ball pythons (D:1)
  4 endoplasms (D:1)
  A giant cockroach (D:1)
  10 goblins
  2 hobgoblins (D:1)
  3 jackals (D:1)
  4 bats (D:1)
  A frilled lizard (D:1)
  3 kobolds (D:1)
  4 rats (D:1)
36 creatures vanquished.

Notes
Turn   | Place    | Note
-------+----------+-------------------------------------------
     0 | D:1      | bnorton916 the Deep Elf Conjurer began the quest for the
                  | Orb.
     0 | D:1      | Reached XP level 1. HP: 10/10 MP: 6/6
   207 | D:1      | Reached XP level 2. HP: 15/15 MP: 5/8
   694 | D:1      | Found a faded altar of an unknown god.
   797 | D:1      | Reached skill level 5 in Conjurations
   798 | D:1      | Reached XP level 3. HP: 19/19 MP: 6/10
  1200 | D:2      | Noticed Robin
  1232 | D:2      | Learned a level 2 spell: Searing Ray
  1242 | D:2      | Slain by Robin

Illustrated notes

Levels and vault maps discovered:
D:1:      dpeg_arrival_tiny_i, layout_basic, basic_ecumenical_altar,
          minmay_ruptured
D:2:      kb_forest_paths, layout_basic, serial_park_tiny_pond, uniq_sigmund,
          uniq_robin

Skill      XL: |  1  2 |
---------------+-------+-----
Spellcasting   | 4 |  4.2
Conjurations   | 5 |  5.1
Dodging        | |  2.4
Stealth        | |  2.4

Action                   || total
-------------------------++-------
Melee: Unarmed           ||     1
       Whip              ||    12
 Cast: Magic Dart        ||    57
Armor: Robe              ||     5
Dodge: Dodged            ||    12
